 Dungeon Crawl Stone Soup version 0.29.1-12-g30fa7ad0bf (webtiles) character file.

Game seed: 17494397321020675474

218 xzight the Grasshopper (level 5, -4/43 HPs)
             Began as a Gnoll Warper on Dec 28, 2022.
             Slain by a scorpion (6 damage)
             ... on level 5 of the Dungeon.
             The game lasted 00:04:54 (3941 turns).

xzight the Grasshopper (Gnoll Warper)               Turns: 3941, Time: 00:04:55

Health: -4/43      AC:  6    Str: 11    XL:     5   Next: 95%
Magic:  12/12      EV: 13    Int: 14    God:
Gold:   145        SH:  0    Dex: 11    Spells: 14/14 levels left

rFire   . . .      SeeInvis .   a - +0 mace
rCold   . . .      Faith    .   (no shield)
rNeg    . . .      Spirit   .   b - +0 leather armour
rPois   .          Reflect  .   (no helmet)
rElec   .          Harm     .   (no cloak)
rCorr   .          Rampage  .   (no gloves)
Will    .....                   j - +2 pair of boots
Stlth   +.........              (no amulet)
HPRegen 0.14/turn               (no ring)
MPRegen 0.13/turn               (no ring)

@: lethally poisoned (-4 -> -11)
A: fangs 1, strong nose, distributed training
a: no special abilities


You were on level 5 of the Dungeon.
You visited 1 branch of the dungeon, and saw 5 of its levels.

You collected 145 gold pieces.


Innate Abilities, Weirdness & Mutations

You have very sharp teeth.
Your uncanny sense of smell can sniff out nearby items.
Your experience applies equally to all skills.


   Skills:
 + Level 4.9 Fighting
 + Level 1.8 Short Blades
 + Level 1.8 Long Blades
 + Level 1.8 Axes
 + Level 4.9 Maces & Flails
 + Level 1.8 Polearms
 + Level 1.8 Staves
 + Level 1.8 Ranged Weapons
 + Level 3.1 Throwing
 + Level 3.1 Armour
 + Level 4.9 Dodging
 + Level 1.8 Stealth
 + Level 1.8 Shields
 + Level 1.8 Unarmed Combat
 + Level 5.3 Spellcasting
 + Level 1.4 Conjurations
 + Level 1.4 Hexes
 + Level 1.4 Summonings
 + Level 1.4 Necromancy
 + Level 5.6 Translocations
 + Level 1.4 Transmutations
 + Level 1.4 Fire Magic
 + Level 1.4 Ice Magic
 + Level 1.4 Air Magic
 + Level 1.4 Earth Magic
 + Level 1.4 Poison Magic
 + Level 2.0 Invocations
 + Level 1.8 Evocations


You had 14 spell levels left.
You didn't know any spells.
Your spell library contained the following spells:

 Spells                   Type           Power      Damage    Failure   Level
 Blink                    Tloc           38%        N/A       3%          2
 Gell's Gravitas          Tloc           19%        N/A       6%          3
 Lesser Beckoning         Tloc           19%        N/A       6%          3
 Teleport Other           Tloc           19%        N/A       6%          3
 Manifold Assault         Tloc           19%        N/A       52%         5

Inventory:

Hand Weapons
 a - a +0 mace (weapon)
Missiles
 d - 4 boomerangs of dispersal (quivered) {=f}
 o - 2 javelins
Armour
 b - a +0 leather armour (worn)
 j - a +2 pair of boots (worn)
 q - a scarf of repulsion
 s - a +0 pair of gloves
Jewellery
 v - a ring of see invisible
 w - an amulet of faith {!P}
 C - a ring of ice
Scrolls
 c - 2 scrolls of blinking
 e - a scroll of amnesia {unknown}
 g - 2 scrolls of noise {unknown}
 h - 2 scrolls of fear {unknown}
 i - a scroll of enchant weapon {unknown}
 k - 3 scrolls of identify {unknown}
 m - 2 scrolls of teleportation {unknown}
 p - 2 scrolls of enchant armour {unknown}
 r - a scroll of vulnerability {unknown}
Potions
 f - 3 potions of curing {unknown}
 l - a potion of mutation {unknown}
 n - a potion of ambrosia {unknown}
 t - a potion of brilliance {unknown}
 u - a potion of might {unknown}
 x - a potion of flight {unknown}

Dungeon Overview and Level Annotations

Branches:
Dungeon (5/15)
 Temple: D:4-7

Altars:

Shops:
D:2 *   D:3 (

Annotations:
D:3 exclusion: ice beast

~....~..~.#$
...~.......~##
~≈~~.~~~~≈≈≈≈
~≈~~~~~~~≈≈≈
~......~..##
.~~...~~#.?###
#.# #.s.......
#.# #.@.......
#<###.........
#.....####....
##.##.# .##
#.##.# ...#..
~.~...##
#......#
≈≈≈≈≈≈≈. ∆


You could see a scorpion.


Message History

The scorpion is almost dead.
The scorpion barely misses you. The scorpion misses you.
You barely miss the scorpion.
You bite the scorpion, but do no damage.
The scorpion is almost dead.
The scorpion stings you.
* * * LOW HITPOINT WARNING * * *
You are poisoned.
The scorpion poisons you!
You hit the scorpion but do no damage.
The scorpion is almost dead.
You feel sick.
The scorpion stings you but does no damage.
You closely miss the scorpion.
The scorpion is almost dead.
You feel sick. The scorpion stings you.
* * * LOW HITPOINT WARNING * * *
You are lethally poisoned!
The scorpion poisons you! The scorpion closely misses you.
You barely miss the scorpion.
The scorpion is severely wounded.
* * * LOW HITPOINT WARNING * * *
You feel very sick. The scorpion stings you.
* * * LOW HITPOINT WARNING * * *
You closely miss the scorpion.
The scorpion is severely wounded.
* * * LOW HITPOINT WARNING * * *
You feel sick. The scorpion stings you.
You die...

Skill      XL: |  1  2  3  4  5 |
---------------+----------------+-----
Spellcasting   | 5 |  5.3
Short Blades   | 1 |  1.8
Long Blades    | 1 |  1.8
Axes           | 1 |  1.8
Polearms       | 1 |  1.8
Staves         | 1 |  1.8
Ranged Weapons | 1 |  1.8
Stealth        | 1 |  1.8
Shields        | 1 |  1.8
Unarmed Combat | 1 |  1.8
Invocations    | 1 2 |  2.0
Evocations     | 1 |  1.8
Conjurations   | 1 |  1.4
Hexes          | 1 |  1.4
Summonings     | 1 |  1.4
Necromancy     | 1 |  1.4
Transmutations | 1 |  1.4
Fire Magic     | 1 |  1.4
Ice Magic      | 1 |  1.4
Air Magic      | 1 |  1.4
Earth Magic    | 1 |  1.4
Poison Magic   | 1 |  1.4
Throwing       | 3 |  3.1
Armour         | 3 |  3.1
Fighting       | |  4.9
Maces & Flails | |  4.9
Dodging        | |  4.9
Translocations | |  5.6

Action                   |  1- 3 |  4- 6 || total
-------------------------+-------+-------++-------
Melee: Mace              |    55 |   164 ||   219
       Punch             |     2 |     3 ||     5
       Bite              |     4 |    16 ||    20
Throw: Boomerang         |       |     3 ||     3
 Stab: Sleeping          |       |     2 ||     2
Armor: Leather armour    |    16 |    47 ||    63
Dodge: Dodged            |    28 |   103 ||   131

Levels and vault maps discovered:
D:1:      dpeg_arrival_rooms_a, layout_basic, nrook_mini_vaults,
          minmay_misc_feat_enclosed, minmay_misc_feat_plants,
          corexii_corridor_pit, minmay_misc_feat_iff, dreamdust_princess_bridge
D:2:      layout_rooms, serial_shops, shop, moated_statue,
          kennysheep_generic_room_8, uniq_jessica
D:3:      minmay_skewed_foursquare, layout_basic, serial_shops,
          nicolae_shop_bloodbath_and_beyond, hellmonk_ecumenical_altar_run_dry
D:4:      layout_basic
D:5:      layout_loops_ring, ebering_ghost_gozag, serial_rivers,
          chequers_serial_rivers_large_a, chequers_serial_rivers_small_3,
          chequers_serial_rivers_micro_e, chequers_serial_rivers_micro_d,
          chequers_serial_rivers_micro_d, hangedman_decor_lopped,
          minmay_misc_feat_rows

Notes
Turn   | Place    | Note
-------+----------+-------------------------------------------
     0 | D:1      | xzight the Gnoll Warper began the quest for the Orb.
     0 | D:1      | Reached XP level 1. HP: 20/20 MP: 6/6
    77 | D:1      | Reached XP level 2. HP: 21/26 MP: 7/7
   532 | D:1      | Reached skill level 5 in Spellcasting
   532 | D:1      | Reached XP level 3. HP: 29/31 MP: 7/9
   925 | D:2      | Noticed Jessica
  1210 | D:1      | Killed Jessica
  1211 | D:1      | Reached skill level 1 in Short Blades
  1211 | D:1      | Reached skill level 1 in Long Blades
  1211 | D:1      | Reached skill level 1 in Axes
  1211 | D:1      | Reached skill level 1 in Polearms
  1211 | D:1      | Reached skill level 1 in Staves
  1211 | D:1      | Reached skill level 1 in Ranged Weapons
  1211 | D:1      | Reached skill level 1 in Stealth
  1211 | D:1      | Reached skill level 1 in Shields
  1211 | D:1      | Reached skill level 1 in Unarmed Combat
  1211 | D:1      | Reached skill level 1 in Invocations
  1211 | D:1      | Reached skill level 1 in Evocations
  1211 | D:1      | Reached XP level 4. HP: 8/38 MP: 11/11
  1583 | D:2      | Found Wocemea's General Store.
  2111 | D:3      | Reached skill level 1 in Conjurations
  2111 | D:3      | Reached skill level 1 in Hexes
  2111 | D:3      | Reached skill level 1 in Summonings
  2111 | D:3      | Reached skill level 1 in Necromancy
  2111 | D:3      | Reached skill level 1 in Transmutations
  2111 | D:3      | Reached skill level 1 in Fire Magic
  2111 | D:3      | Reached skill level 1 in Ice Magic
  2111 | D:3      | Reached skill level 1 in Air Magic
  2111 | D:3      | Reached skill level 1 in Earth Magic
  2111 | D:3      | Reached skill level 1 in Poison Magic
  2141 | D:3      | Found a faded altar of an unknown god.
  2671 | D:3      | Noticed an ice beast
  2983 | D:3      | Found Bachaw's Weapon Shop.
  3301 | D:4      | Reached XP level 5. HP: 43/43 MP: 12/12
  3549 | D:4      | Reached skill level 3 in Throwing
  3549 | D:4      | Reached skill level 3 in Armour
  3701 | D:4      | Reached skill level 2 in Invocations
  3909 | D:5      | Entered Level 5 of the Dungeon
  3940 | D:5      | HP: 4/43 [scorpion (3)]
  3941 | D:5      | Slain by a scorpion

Vanquished Creatures
  A necrophage (D:4)
  A hound (D:4)
  Jessica (D:1)
  3 adders
  A worm (D:3)
  5 dart slugs
  2 orcs
  4 ball pythons
  5 bats
  12 endoplasms
  2 giant cockroaches
  4 goblins
  7 hobgoblins
  2 jackals (D:1)
  A quokka (D:1)
  2 frilled lizards
  6 kobolds
  7 rats
66 creatures vanquished.

Table legend: (Time is in decaauts)
 A = Elapsed time spent in this place.
 B = Non-inter-level travel time spent in this place.
 C = Inter-level travel time spent in this place.
 D = Time resting spent in this place.
 E = Time spent auto-exploring this place.
 F = Levels seen in this place.
 G = Mean time per level.
                   A        B        C        D        E       F      G
               +--------+--------+--------+--------+--------+-----+--------+
         Total |   3985 |   3800 |    185 |   1069 |   2109 |   5 |  797.0 |
       Dungeon |   3985 |   3800 |    185 |   1069 |   2109 |   5 |  797.0 |
               +--------+--------+--------+--------+--------+-----+--------+

Top non-repeatable levels by time:
     D:1: 1363 daAuts
     D:3: 1158 daAuts
     D:2: 769 daAuts
     D:4: 658 daAuts
     D:5: 34 daAuts

Table legend:
 A = Non-vault XP
 B = Vault XP
 C = Vault XP percentage of total XP
 D = Non-vault monster count
 E = Vault monster count
 F = Vault count percentage of total count
                 A         B        C        D         E       F
            +---------+---------+-------+---------+---------+-------
      Total |     253 |      59 |  18.9 |      57 |       9 |  13.6
            +---------+---------+-------+---------+---------+-------
        D:1 |      38 |      37 |  49.3 |      19 |       1 |   5.0
        D:2 |      34 |       2 |   5.6 |      15 |       1 |   6.2
        D:3 |      28 |      20 |  41.7 |      11 |       7 |  38.9
        D:4 |     153 |       0 |   0.0 |      12 |       0 |   0.0
            +---------+---------+-------+---------+---------+-------
